 Dungeon Crawl Stone Soup version 0.31-a0-523-g071a6c1ffa (webtiles) character file.

Game seed: 4225210870472101986

5343 Gargoyl the Cleaver (level 10, -3/63 HPs)
             Began as a Gargoyle Berserker on Aug 11, 2023.
             Was an Elder of Trog.
             Slain by a large abomination (23 damage)
             ... on level 2 of the Abyss.
             The game lasted 00:08:35 (6886 turns).

Gargoyl the Cleaver (Gargoyle Berserker)            Turns: 6886, Time: 00:08:35

Health: -3/63      AC: 20    Str: 22    XL:     10   Next: 65%
Magic:  10/10      EV: 17    Int:  9    God:    Trog [****..]
Gold:   250        SH:  5    Dex: 11    Spells: 9/9 levels left

rFire   + . .        b - +1 broad axe (elec)
rCold   . . .        (no shield)
rNeg    + . .        D - +2 ring mail {rF+}
rPois   ∞            F - +2 hat
rElec   +            y - +0 cloak
rCorr   .            (no gloves)
SInv    .            r - +0 pair of boots
Will    .....        t - amulet of reflection
Stlth   +            C - +5 ring of evasion
HPRegen 0.30/turn    G - +4 ring of slaying
MPRegen 0.12/turn

%: reflection
@: on berserk cooldown, slowed, very slow
A: sickness immunity, AC +7, negative energy resistance 1, electricity
resistance, torment resistance 1, petrification resistance
a: Renounce Religion, Berserk, Trog's Hand, Brothers in Arms


You were on level 2 of the Abyss.
You worshipped Trog.
Trog was greatly pleased with you.
You visited 1 branch of the dungeon, and saw 8 of its levels.
You visited the Abyss 1 time.

You collected 250 gold pieces.

Inventory:

Hand Weapons
 b - a +1 broad axe of electrocution (weapon)
 m - a +2 heavy war axe
 v - a +5 falchion of holy wrath
Missiles
 c - 4 curare-tipped darts (quivered)
 A - 19 poisoned darts
Armour
 r - a +0 pair of boots (worn)
 y - a +0 cloak (worn)
 D - a +2 ring mail of fire resistance (worn)
 F - a +2 hat (worn)
Jewellery
 t - an amulet of reflection (around neck)
 C - a +5 ring of evasion (left hand)
 G - a +4 ring of slaying (right hand)
Wands
 a - a wand of paralysis (3)
 i - a wand of light (11)
 j - a wand of polymorph (8)
 l - a wand of flame (15)
Scrolls
 f - 3 scrolls of fear
 g - 5 scrolls of teleportation
 h - a scroll of revelation
 p - 2 scrolls of fog
Potions
 d - a potion of cancellation
 e - a potion of brilliance
 k - 9 potions of curing
 n - 3 potions of heal wounds {unknown}
 o - a potion of resistance {unknown}
 q - a potion of enlightenment {unknown}
 s - 3 potions of berserk rage {unknown}
 w - a potion of ambrosia {unknown}
 x - a potion of magic {unknown}
 z - 4 potions of haste {unknown}
 B - 3 potions of might {unknown}


   Skills:
 + Level 7.5 Fighting
 + Level 10.8 Axes
 + Level 6.5 Armour
 + Level 4.5 Dodging
 + Level 1.5 Stealth
 + Level 3.3 Shields


You had 9 spell levels left.
You didn't know any spells.
Your spell library was empty.

Dungeon Overview and Level Annotations

Branches:
Dungeon (8/15)             Temple (0/1) D:7
   Lair: D:8-11

Altars:
Cheibriados
Dithmenos
Sif Muna
Wu Jian
Zin

Portals:
Bailey: D:8

Annotations:
D:8 Psyche


Innate Abilities, Weirdness & Mutations

You are immune to sickness and miasma.
Your stone body is resilient. (AC +7)
You are immune to poison.
You resist negative energy. (rN+)
You are resistant to electric shocks. (rElec)
You are resistant to unholy torment.
You are immune to petrification.


Message History

You kill the smoke demon!
Trog accepts your kill.
A large abomination comes into view.
You feel a strong urge to attack something.
The large abomination misses you.
You slash the large abomination!
The large abomination is lightly damaged.
You slash the large abomination!
The large abomination is moderately damaged.
The large abomination hits you.
You slash the large abomination!
The large abomination is heavily damaged.
You feel the effects of Trog's Hand fading.
You slash the large abomination!
The large abomination is almost destroyed.
The large abomination hits you but does no damage.
You slash the large abomination!
You destroy the large abomination!
Trog accepts your kill.
A large abomination comes into view.
You feel a strong urge to attack something.
You are no longer berserk.
You are exhausted.
You feel yourself slow down.
You closely miss the large abomination.
You hit the large abomination but do no damage.
The large abomination misses you.
You block the large abomination's attack.
You hit the large abomination but do no damage.
Lightning courses through the large abomination!!
The large abomination is heavily damaged.
You hit the large abomination but do no damage.
Your skin stops crawling.
You feel less strong-willed. The large abomination hits you!! x2
You slash the large abomination!
The large abomination is severely damaged.
You hit the large abomination.
The large abomination completely misses you.
The large abomination hits you!!
You die...

. #.## . . . #
#.# . # # #.##.
. # #..#.## .
#.#..# #
#.######.
~######.##.....
.
~............#
~####..@X....#
# .#
#...X.....#
≈....##......##
# ~####
#......#
#.###### ..#
... ...


You could see 2 large abominations.

Vanquished Creatures
  Pikel (D:4)
  A smoke demon (Abyss:2)
  A raiju (Abyss:2)
  A large abomination (Abyss:2)
  Sigmund (D:2)
  11 yaks
  Eustachio (D:4)
  A sky beast (D:6)
  3 small abominations (Abyss:2)
  3 black bears
  A phantom (D:5)
  2 kobold brigands
  A scorpion (D:7)
  2 gnoll sergeants
  5 wights (D:7)
  An electric eel (D:6)
  2 hounds
  4 jellies
  5 orc priests
  Crazy Yiuf (D:4)
  A gnoll bouda (D:5)
  Terence (D:2)
  2 iguanas (D:5)
  5 orc wizards
  11 adders
  19 gnolls
  A shadow imp (D:6)
  A white imp (D:5)
  2 worms
  3 dart slugs
  27 orcs
  4 ball pythons
  5 endoplasms
  A giant cockroach (D:3)
  7 goblins
  8 hobgoblins
  6 jackals
  2 quokkas
  6 bats
  6 frilled lizards
  14 kobolds
  3 rats
183 creatures vanquished.

Notes
Turn   | Place    | Note
-------+----------+-------------------------------------------
     0 | D:1      | Gargoyl the Gargoyle Berserker began the quest for the Orb.
     0 | D:1      | Reached XP level 1. HP: 14/14 MP: 1/1
   224 | D:1      | Reached XP level 2. HP: 14/19 MP: 2/2
   226 | D:1      | Reached skill level 3 in Axes
   828 | D:2      | Identified a scroll of acquirement
   828 | D:2      | Acquired a +1 broad axe of electrocution
   864 | D:2      | Reached XP level 3. HP: 24/24 MP: 3/3
  1049 | D:2      | Reached XP level 4. HP: 16/29 MP: 4/4
  1064 | D:2      | Reached ** piety under Trog
  1341 | D:2      | Noticed Terence
  1352 | D:2      | Killed Terence
  1353 | D:2      | Reached skill level 4 in Axes
  1353 | D:2      | Reached XP level 5. HP: 33/33 MP: 5/5
  1403 | D:2      | Noticed Sigmund
  1408 | D:2      | Killed Sigmund
  1409 | D:2      | Reached XP level 6. HP: 39/39 MP: 6/6
  1890 | D:3      | Found a faded altar of an unknown god.
  1918 | D:3      | Reached skill level 5 in Axes
  2559 | D:4      | Noticed Pikel
  2572 | D:4      | Noticed Eustachio
  2577 | D:4      | Killed Pikel
  2578 | D:4      | Reached skill level 6 in Axes
  2578 | D:4      | Reached XP level 7. HP: 34/44 MP: 7/7
  2578 | D:4      | Reached XP level 8. HP: 37/48 MP: 8/8
  2590 | D:5      | Entered Level 5 of the Dungeon
  2789 | D:4      | Killed Eustachio
  2790 | D:4      | Reached skill level 5 in Fighting
  3186 | D:4      | Found a runed translucent door.
  3187 | D:4      | Noticed Crazy Yiuf
  3634 | D:4      | Killed Crazy Yiuf
  3635 | D:4      | Reached skill level 7 in Axes
  3700 | D:5      | Reached skill level 5 in Armour
  4611 | D:5      | Reached skill level 1 in Shields
  4611 | D:5      | Reached XP level 9. HP: 55/55 MP: 9/9
  4755 | D:6      | Reached skill level 8 in Axes
  5129 | D:6      | Found a shadowy altar of Dithmenos.
  5147 | D:6      | Found a glowing silver altar of Zin.
  5160 | D:6      | Reached skill level 9 in Axes
  5482 | D:6      | Found a snail-covered altar of Cheibriados.
  5482 | D:6      | Found an ornate altar of the Wu Jian Council.
  5486 | D:6      | Found a shimmering blue altar of Sif Muna.
  5546 | D:6      | Reached *** piety under Trog
  5658 | D:6      | Reached skill level 1 in Stealth
  5989 | D:7      | Found a staircase to the Ecumenical Temple.
  6265 | D:7      | Reached XP level 10. HP: 61/61 MP: 10/10
  6436 | D:8      | Found a flagged portal.
  6510 | D:8      | Reached **** piety under Trog
  6588 | D:8      | Noticed Psyche
  6596 | D:8      | Reached skill level 10 in Axes
  6603 | Abyss:1  | Cast into level 1 of the Abyss (Psyche)
  6869 | Abyss:2  | Noticed a smoke demon
  6874 | Abyss:2  | Killed a smoke demon
  6886 | Abyss:2  | Slain by a large abomination

Illustrated notes

Levels and vault maps discovered:
D:1:      ncdulo_smallfort, layout_basic
D:2:      layout_loops_corners, uniq_sigmund, uniq_terence
D:3:      layout_loops_ring, shapermc_ecumenical_altar_starsandcircs
D:4:      layout_basic, abandoned_shop, uniq_crazy_yiuf_cottage, uniq_eustachio,
          uniq_pikel
D:5:      layout_layer_cave, serial_bayou_pond_e
D:6:      layout_gridville, minitemple, nicolae_overflow_squiral
D:7:      layout_rooms, minmay_temple_entry_tees,
          eino_small_chamber_without_monster
D:8:      layout_rooms, enter_bailey_6, serial_shops, shop,
          chequers_serial_rivers_large_a, uniq_psyche, uniq_maurice
Abyss:2:  base: D:2, hangedman_abyss_or_decor_slice, minivault_23

Skill      XL: |  1  2  3  4  5  6  7  8  9 10 |
---------------+-------------------------------+-----
Axes           | 3 4 6 7 9 10 | 10.8
Fighting       | 4 6 7 |  7.5
Dodging        | 2 3 4 |  4.5
Armour         | 3 4 5 6 |  6.5
Shields        | 1 2 3 |  3.3
Stealth        | 1 |  1.5

Action                     |  1- 3 |  4- 6 |  7- 9 | 10-12 || total
---------------------------+-------+-------+-------+-------++-------
  Melee: Hand axe          |    65 |       |       |       ||    65
         Broad axe         |    18 |   142 |   259 |    58 ||   477
         Punch             |       |     1 |     6 |       ||     7
 Invoke: Berserk           |     2 |     4 |     6 |     3 ||    15
         Trog's Hand       |       |     3 |     5 |     2 ||    10
    Use: Scroll            |     7 |     2 |     8 |     1 ||    18
 Armour: Animal skin       |    22 |       |       |       ||    22
         Ring mail         |    17 |    81 |   140 |    28 ||   266
  Dodge: Dodged            |    66 |   100 |   173 |    48 ||   387
  Block: Other             |       |       |    36 |    18 ||    54
         Reflection        |       |       |       |     1 ||     1

Table legend: (Time is in decaauts)
 A = Elapsed time spent in this place.
 B = Non-inter-level travel time spent in this place.
 C = Inter-level travel time spent in this place.
 D = Time resting spent in this place.
 E = Time spent auto-exploring this place.
 F = Levels seen in this place.
 G = Mean time per level.
                   A        B        C        D        E       F      G
               +--------+--------+--------+--------+--------+-----+--------+
         Total |   7124 |   6935 |    189 |    445 |   4856 |  10 |  712.4 |
       Dungeon |   6832 |   6643 |    189 |    423 |   4649 |   8 |  854.0 |
         Abyss |    291 |    291 |      0 |     22 |    207 |   2 |  145.5 |
               +--------+--------+--------+--------+--------+-----+--------+

Top non-repeatable levels by time:
     D:5: 1234 daAuts
     D:4: 1113 daAuts
     D:6: 1035 daAuts
     D:2: 987 daAuts
     D:1: 849 daAuts
     D:3: 731 daAuts
     D:7: 654 daAuts
 Abyss:2: 256 daAuts
     D:8: 225 daAuts
 Abyss:1: 35 daAuts
